Map: Radhuset Station LE

Players

SubN - Winner!

  • Race: Zerg Zerg
  • League: Diamond
  • Spawn Location: 7:00

BOYD

  • Race: Zerg Zerg
  • League: Diamond
  • Spawn Location: 1:00

VOD

Have the link to the VOD?

Description

Time

  • Played on: Dec. 30, 2023, 8:11 p.m.
  • Length: 11:07
Show
View Real Time Build Order
Export as new Build Order

SubN Zerg - Winner!

Build Orders: Hatch First 

Get SALT Encoding   

  12  0:00  Drone  
  13  0:12  Overlord  
  13  0:17  Drone  
  14  0:30  Drone x2  
  16  0:51  Hatchery  
  16  0:55  Drone  
  16  0:58  Drone  
  16  1:01  Drone  
  18  1:08  Extractor  
  17  1:19  Spawning Pool  
  17  1:23  Drone  
  17  1:26  Drone  
  18  1:51  Hatchery  
  17  1:55  Drone  
  17  1:56  Drone  
  17  1:59  Drone  
  20  2:14  Queen  
  22  2:19  Zergling x2  
  21  2:23  Zergling x2  
  21  2:27  Zergling x2  
  23  2:32  Zergling x2  
  23  2:35  Zergling x2  
  25  2:37  Zergling x2  
  26  2:54  Metabolic Boost  
  26  3:04  Queen  
  28  3:10  Overlord x2  
  28  3:15  Overlord  
  28  3:20  Overlord  
  28  3:28  Drone x2  
  28  3:30  Drone  
  31  3:49  Drone  
  31  3:50  Drone x6  
  38  3:58  Zergling x2  
  38  3:59  Zergling x4  
  41  4:05  Zergling x2  
  42  4:12  Zergling x4  
  42  4:16  Zergling x2  
  45  4:26  Zergling x8  
  49  4:38  Drone x3  
  52  4:40  Hatchery  
  53  4:47  Overlord x2  
  53  4:48  Overlord  
  51  4:54  Drone x2, Extractor  
  51  4:57  Overlord  
  51  4:59  Overlord  
  52  5:04  Overlord  
  52  5:10  Lair  
  52  5:13  Drone x2  
  54  5:15  Drone  
  54  5:17  Drone  
  56  5:30  Drone  
  56  5:31  Drone  
  58  5:37  Drone  
  58  5:41  Drone x3, Roach Warren  
  58  5:42  Drone, Evolution Chamber  
  61  5:44  Evolution Chamber  
  61  5:46  Extractor  
  61  5:47  Drone  
  60  5:50  Drone, Extractor  
  60  5:51  Drone  
  60  5:52  Drone  
  60  5:54  Drone  
  63  6:00  Queen  
  65  6:11  Drone x2  
  67  6:13  Zerg Missile Weapons Level 1  
  67  6:14  Zerg Ground Armor Level 1  
  67  6:24  Drone x4  
  71  6:27  Drone x2  
  71  6:30  Drone  
  71  6:31  Drone  
  75  6:33  Drone  
  75  6:35  Drone  
  75  6:36  Queen  
  75  6:39  Glial Reconstitution  
  79  6:41  Overseer  
  79  6:45  Overlord  
  79  6:46  Overlord  
  79  6:49  Overlord  
  79  6:51  Overlord  
  79  6:55  Drone x2  
  79  6:56  Drone  
  82  7:01  Drone x4  
  82  7:05  Extractor  
  82  7:06  Drone, Extractor  
  82  7:07  Drone x2  
  87  7:10  Drone x3  
  90  7:18  Roach x4  
  98  7:23  Roach x2  
  98  7:24  Roach  
  98  7:27  Roach  
  98  7:28  Roach  
  98  7:29  Drone  
  109  7:34  Roach x2  
  109  7:35  Roach x2  
  117  7:42  Roach x4  
  115  7:51  Roach x5  
  118  8:04  Roach  
  118  8:05  Roach x4  
  126  8:18  Zerg Ground Armor Level 2, Zerg Missile Weapons Level 2  
  126  8:20  Roach  
  126  8:21  Roach  
  130  8:30  Hatchery  
  130  8:32  Overlord x6  
  121  8:44  Extractor, Roach x2  
  121  8:45  Roach x4  
  130  8:51  Overseer  
  130  9:04  Drone x3  
  130  9:05  Drone x3  
  130  9:06  Drone x2  
  130  9:09  Ravager  
  139  9:10  Ravager  
  139  9:13  Ravager  
  139  9:14  Ravager x11  
  139  9:15  Ravager  
  153  9:19  Overlord  
  153  9:22  Overlord  
  153  9:30  Roach x7  
  153  9:31  Roach x2  
  171  9:32  Extractor  
  171  9:38  Overlord x2  
  170  9:46  Queen  
  170  9:48  Drone x3  
  170  9:50  Drone  
  176  9:56  Drone x5  
  181  10:03  Roach  
  181  10:04  Roach x2  
  187  10:09  Roach x5  
  187  10:10  Roach  
  199  10:23  Infestation Pit  
  199  10:27  Drone x2  
Show
View Real Time Build Order
Export as new Build Order

BOYD Zerg 

Build Orders: Pool First 

Get SALT Encoding   

  12  0:00  Drone  
  13  0:19  Drone  
  14  0:26  Spawning Pool  
  13  0:34  Overlord  
  13  0:42  Drone  
  14  0:48  Extractor  
  13  0:56  Drone  
  14  1:13  Zergling x6  
  14  1:14  Queen  
  19  1:27  Zergling x2  
  20  1:36  Drone  
  21  1:46  Overlord  
  21  1:53  Metabolic Boost  
  21  2:03  Queen  
  23  2:09  Zergling x4  
  25  2:20  Zergling x2  
  26  2:39  Queen  
  26  2:51  Hatchery  
  25  3:14  Zergling x10  
  29  3:46  Zergling x2  
  29  3:47  Zergling x2  
  29  4:03  Lair  
  29  4:06  Drone  
  29  4:07  Drone x3, Roach Warren  
  29  4:08  Extractor  
  31  4:47  Roach x2  
  31  4:50  Overlord x2  
  35  5:03  Drone  
  35  5:06  Overlord  
  36  5:07  Overlord  
  36  5:14  Glial Reconstitution  
  36  5:29  Roach x3  
  36  5:34  Roach  
  44  5:37  Drone x3  
  44  5:42  Drone  
  48  5:55  Roach  
  48  5:56  Roach  
  52  6:04  Drone  
  52  6:07  Overlord  
  53  6:17  Overlord  
  53  6:21  Roach  
  55  6:26  Roach  
  55  6:30  Roach  
  59  6:43  Roach x2  
  63  6:57  Roach x3  
  63  7:00  Roach  
  71  7:05  Roach  
  73  7:11  Drone x2  
  73  7:15  Drone  
  76  7:18  Drone  
  76  7:21  Drone  
  78  7:31  Drone x3  
  78  7:34  Drone  
  63  8:01  Roach x7  
  73  8:09  Overlord x2  
  73  8:13  Roach  
  73  8:15  Roach  
  79  8:20  Roach  
  79  8:22  Roach  
  81  8:36  Roach x4  
  81  8:39  Roach  
  81  8:41  Roach  
  87  8:46  Roach  
  85  8:54  Drone  
  85  8:55  Drone x4  
  90  8:59  Overseer  
  90  9:06  Roach x2  
  90  9:08  Roach  
  96  9:16  Drone  
  98  9:17  Drone x3  
  100  9:25  Overlord x2  
  100  9:33  Extractor x2  
  100  9:36  Spire  
  100  9:37  Roach  
  99  9:41  Overlord  
  99  9:48  Roach x2  
  99  9:50  Roach  
  99  9:52  Roach  
  107  9:56  Roach  
  107  9:59  Roach  
  111  10:00  Roach  
  111  10:03  Roach  
  111  10:05  Roach  
  117  10:08  Roach  
  117  10:13  Roach x2  
  123  10:18  Overlord  
Tags
 
Add a new tag
Caveats
  • Supply blocks, unpowered buildings, or Contaminate may cause inaccurate times.
  • Supply counts are checked every 10 seconds.